 Dungeon Crawl Stone Soup version 0.21.0 (webtiles) character file.

34 tidbits the Sneak (level 3, -5/14 HPs)
             Began as a Felid Air Elementalist on Jan 7, 2018.
             Slain by a worm (10 damage)
             ... on level 2 of the Dungeon.
             The game lasted 00:03:58 (642 turns).

tidbits the Sneak (Felid Air Elementalist)           Turns: 642, Time: 00:03:59

Health: -5/14      AC:  1    Str:  5    XL:     3   Next: 14%
Magic:  4/7        EV: 18    Int: 16    God:
Gold:   56         SH:  0    Dex: 16    Spells: 3/6 levels left
                                        Lives:  0   Deaths: 0

rFire    . . .     SeeInvis +     - Unarmed
rCold    . . .     Gourm    .   (shield unavailable)
rNeg     . . .     Faith    .   (armour unavailable)
rPois    .         Spirit   .   (helmet unavailable)
rElec    .         Reflect  .   (cloak unavailable)
rCorr    .         Harm     .   (gloves unavailable)
MR       +....                  (boots unavailable)
Stlth    +++.......             (no amulet)
HPRegen  0.04/turn              j - ring of protection from magic
MPRegen  0.10/turn              (no ring)

@: quick
A: very small, no armour, no weapons or thrown items, stealth, claws 1, fangs 3,
see invisible, carnivore, speed 1, shaggy fur 1, slow metabolism 1, sharp paws
a: no special abilities


You were on level 2 of the Dungeon.
You were not hungry.

You visited 1 branch of the dungeon, and saw 2 of its levels.

You collected 56 gold pieces.

Inventory:

Missiles
 c - 62 arrows
 i - 25 stones
Jewellery
 j - a ring of protection from magic (left paw)
   (You found it on level 2 of the Dungeon)
Scrolls
 d - a scroll of magic mapping {unknown}
 e - a scroll of identify {unknown}
 g - a scroll of remove curse {unknown}
Potions
 f - 2 potions of curing {unknown}
 h - a potion of cancellation {unknown}
Books
 a - a book of Air

   Spells                             Type                      Level
   a - Shock                          Conjuration/Air              1
   b - Swiftness                      Charms/Air                   2
   c - Static Discharge               Conjuration/Air              3
   d - Airstrike                      Air                          4
   e - Lightning Bolt                 Conjuration/Air              5
Comestibles
 b - 4 rations


   Skills:
 - Level 2.6 Dodging
 + Level 4.1 Stealth
 + Level 1.9 Unarmed Combat
 - Level 2.0 Spellcasting
 - Level 0.8 Conjurations
 - Level 2.6 Air Magic


You had 3 spell levels left.
You knew the following spells:

 Your Spells              Type           Power        Failure   Level  Hunger
a - Shock                 Conj/Air       #...         10%         1    #......
W - Swiftness             Chrm/Air       #.......     19%         2    ###....


Dungeon Overview and Level Annotations

Branches:
Dungeon (2/15)

Altars:


Innate Abilities, Weirdness & Mutations

You cannot wear armour.
You are incapable of wielding weapons or throwing items.
Your paws allow you to move quietly. (Stealth)
You have sharp claws.
You have razor-sharp teeth.
You have supernaturally acute eyesight. (SInv)
You are carnivorous and can eat meat at any time.
You cover ground quickly.
You are covered in fur. (AC +1)
You have a slow metabolism.
Your sharp claws are effective at attacking unaware monsters.


Message History

Aiming: Shock
Press: ? - help, Shift-Dir - straight line You miscast Shock.
You are very lightly contaminated with residual magic.
Strange energies run through your body. The bat hits you.
* * * LOW HITPOINT WARNING * * *
Casting: Shock
Confirm with . or Enter, or press ? or * to list all spells.
Aiming: Shock
Press: ? - help, Shift-Dir - straight line The zap misses the bat.
The bat closely misses you.
Casting: Shock
Confirm with . or Enter, or press ? or * to list all spells.
Okay, then.
You closely miss the bat.
The bat is severely wounded.
The bat barely misses you. The bat completely misses you.
You barely miss the bat.
The bat is severely wounded.
The bat hits you.
* * * LOW HITPOINT WARNING * * *
The bat hits you.
* * * LOW HITPOINT WARNING * * *
You scratch the bat but do no damage.
The bat is severely wounded.
The bat barely misses you.
You closely miss the bat.
The bat is severely wounded.
The bat barely misses you.
You closely miss the bat. You bite the bat.
You kill the bat!
Wield which item (- for none, * to show all)? (? for menu, Esc to quit)
c - 62 arrows (in mouth)
You swing at nothing.
You swing at nothing.
You swing at nothing.
You swing at nothing.
You swing at nothing.
You swing at nothing.
You swing at nothing.
You swing at nothing.
You swing at nothing.
Your magical contamination has completely faded away.
Wield which item (- for none, * to show all)? (? for menu, Esc to quit)
Your mouth is now empty.
Found 25 stones.
Found a stone staircase leading up.
You see here 25 stones.
You see here a jade ring.
You see here 25 stones.
i - 25 stones You see here a jade ring.
j - a jade ring
There is a stone staircase leading up here.
You climb upwards.
There is a stone staircase leading down here.
Put on which piece of jewellery? (? for menu, Esc to quit)
j - a ring of protection from magic (left paw) Magic restored.
A leopard gecko comes into view.
You pounce on the unaware helpless leopard gecko!
You claw the leopard gecko!
You kill the leopard gecko!
There is a stone staircase leading down here.
You climb downwards.
The rat twitches its whiskers.
The rat bites you.
* * * LOW HITPOINT WARNING * * *
There is a stone staircase leading up here.
Casting: Shock
Confirm with . or Enter, or press ? or * to list all spells.
Aiming: Shock
Press: ? - help, Shift-Dir - straight line
Okay, then.
Casting: Shock
Confirm with . or Enter, or press ? or * to list all spells.
Aiming: Shock
Press: ? - help, Shift-Dir - straight line The zap misses the rat.
The zap misses the worm.
The zap hits the worm.
The worm is lightly wounded.
The zap hits the rat.
You kill the rat!
Casting: Shock
Confirm with . or Enter, or press ? or * to list all spells.
Aiming: Shock
Press: ? - help, Shift-Dir - straight line The zap hits the worm.
The worm is moderately wounded.
The zap hits the worm.
The worm is moderately wounded.
Casting: Shock
Confirm with . or Enter, or press ? or * to list all spells.
Aiming: Shock
Press: ? - help, Shift-Dir - straight line The zap hits the worm.
The worm is heavily wounded.
The zap hits the worm.
The worm is heavily wounded.
The worm bites you!
Ouch! That really hurt!
You die...

#.#.# #..##..........#
####.#.#
#..#####.#.###.#
#....#.# #..# #.#.# .#
#....#.# #..# #.#.# .#
#....#.# #..#####.#.#
.# #....#.##
#..........# .#
#.......###......##.###
.#
#.....................#
#..#....########@##....
#....#†## ## #w# #
#.........#...##.##
#....#.##.......<.#
..##.#.# ..>....#.....#
.. ....# #...... .#...#
. ##.### ##...##
##..... . h.# ##.# ..##
... .#


You could see a worm.

Vanquished Creatures
  A gnoll (D:1)
  3 leopard geckos (D:1)
  2 bats
  A goblin (D:2)
  2 hobgoblins (D:1)
  4 jackals (D:2)
  A kobold (D:2)
  A quokka (D:2)
  A frilled lizard (D:1)
  2 rats
18 creatures vanquished.

Notes
Turn   | Place    | Note
-------+----------+-------------------------------------------
     0 | D:1      | tidbits the Felid Air Elementalist began the quest for the Orb.
     0 | D:1      | Reached XP level 1. HP: 7/7 MP: 4/4
   213 | D:1      | Reached skill level 3 in Stealth
   260 | D:1      | Reached skill level 1 in Unarmed Combat
   260 | D:1      | Reached XP level 2. HP: 1/11 MP: 6/6
   264 | D:1      | Learned a level 2 spell: Swiftness
   454 | D:2      | Reached skill level 4 in Stealth
   501 | D:2      | Reached XP level 3. HP: 8/14 MP: 3/7
   642 | D:2      | Slain by a worm

Skill      XL: |  1  2 |
---------------+-------+-----
Stealth        | 3 4 |  4.1
Unarmed Combat | 1 |  1.9
Dodging        | |  2.6
Spellcasting   | |  2.0
Conjurations   | |  0.8
Air Magic      | |  2.6

Action                   || total
-------------------------++-------
Melee: Unarmed           ||    13
       Bite              ||     1
 Cast: Shock             ||    23
 Stab: Sleeping          ||     4
Dodge: Dodged            ||    21

Table legend:
 A = Turns spent in this place as a percentage of turns spent in the entire game.
 B = Non-inter-level travel turns spent in this place as a percentage of non-inter-level travel turns spent in the entire game.
 C = Inter-level travel turns spent in this place as a percentage of turns spent in this place.
 D = Turns resting spent in this place as a percentage of non-inter-level travel turns spent in this place.
 E = Turns spent auto-exploring this place as a percentage of non-inter-level travel turns spent in this place.
 F = Non-inter-level travel turns spent in this place divided by the number of levels of this place that you've seen.
                   A       B       C       D       E      F
               +-------+-------+-------+-------+-------+----------------------
         Total | 100.0 | 100.0 |  10.0 |   0.0 |   0.7 | 289.0
       Dungeon | 100.0 | 100.0 |  10.0 |   0.0 |   0.7 | 289.0
               +-------+-------+-------+-------+-------+----------------------

Table legend:
 A = Kills in this place as a percentage of kills in entire the game.
 B = Kills by you in this place as a percentage of kills by you in the entire game.
 C = Kills by friends in this place as a percentage of kills by friends in the entire game.
 D = Other kills in this place as a percentage of other kills in the entire game.
 E = Experience gained in this place as a percentage of experience gained in the entire game.
 F = Experience gained in this place divided by the number of levels of this place that you have seen.
                   A       B       C       D       E      F
               +-------+-------+-------+-------+-------+----------------------
         Total | 100.0 | 100.0 |   N/A |   N/A | 100.0 |  24.5
       Dungeon | 100.0 | 100.0 |   N/A |   N/A | 100.0 |  24.5
               +-------+-------+-------+-------+-------+----------------------

Vault maps used:
D:1:      dpeg_arrival_connections
D:2:      uniq_crazy_yiuf_cottage, uniq_natasha
